 Dungeon Crawl Stone Soup version 0.22-a0-265-g0d8bc90 (webtiles) character file.

5409 ohad the Magician (level 10, -5/79 HPs)
             Began as a Gnoll Skald on Mar 2, 2018.
             Was a High Priest of Okawaru.
             Hit by a javelin thrown by Urug (9 damage)
             ... on level 10 of the Dungeon on Mar 7, 2018.
             The game lasted 00:29:02 (10362 turns).

ohad the Magician (Gnoll Skald)                    Turns: 10362, Time: 00:29:02

Health: -5/79      AC: 18    Str: 15    XL:     10   Next: 67%
Magic:  13/21      EV: 16    Int: 16    God:    Okawaru [*****.]
Gold:   549        SH:  0    Dex: 16    Spells: 12/23 levels left

rFire    + + .     SeeInvis +   u - +5 quarterstaff (chaos)
rCold    x . .     Gourm    .   (shield currently unavailable)
rNeg     . . .     Faith    .   q - +0 fire dragon scales
rPois    .         Spirit   .   n - +2 helmet
rElec    .         Reflect  .   v - +0 cloak
rCorr    .         Harm     .   s - +0 pair of gloves
MR       .....                  (no boots)
Stlth    ++++......             (no amulet)
HPRegen  0.23/turn              S - ring of see invisible
MPRegen  0.17/turn              j - ring of stealth

@: heroism, infused
A: distributed training, fangs 1, strong nose
a: Heroism, Finesse, Renounce Religion


You were on level 10 of the Dungeon.
You worshipped Okawaru.
Okawaru was extremely pleased with you.
You were not hungry.

You visited 2 branches of the dungeon, and saw 11 of its levels.
You also visited: Ossuary.

You collected 725 gold pieces.
You spent 176 gold pieces at shops.

Inventory:

Hand Weapons
 a - a +0 spear
 f - a +3 short sword of holy wrath
 k - a +0 dagger
 m - a cursed -2 hand axe
 o - a +0 war axe
 u - a +5 quarterstaff of chaos (weapon)
 C - a +0 morningstar
 I - a cursed -3 flail
 X - a -1 vampiric spear
Missiles
 i - 20 poisoned needles
 y - 36 bolts
Armour
 b - a +0 leather armour
 h - a cursed +0 scale mail
 n - a +2 helmet (worn)
 q - +0 fire dragon scales (worn)
 s - a +0 pair of gloves (worn)
 t - a +3 leather armour of magic resistance
 v - a +0 cloak (worn)
 D - a +0 chain mail
 J - a +2 leather armour of fire resistance
 U - a +0 buckler
 Z - a +0 troll leather armour
Magical Staves
 K - an uncursed staff of summoning {unknown}
Jewellery
 j - a ring of stealth (right hand)
 r - an uncursed ring of fire
 R - an uncursed ring of resist corrosion
 S - a ring of see invisible (left hand)
Wands
 l - a wand of flame (53)
 E - a wand of random effects (22)
 G - a wand of polymorph (16)
Scrolls
 c - 3 scrolls of magic mapping
 w - 2 scrolls of enchant weapon
 A - a scroll of remove curse
 B - 4 scrolls of teleportation
 H - 3 scrolls of blinking
 M - 4 scrolls of fear
 P - a scroll of fog {unknown}
 Q - a scroll of identify
 T - 2 scrolls of amnesia
 V - 3 scrolls of immolation {unknown}
Potions
 e - 4 potions of heal wounds
 g - 2 potions of magic
 p - 4 potions of flight
 x - a potion of berserk rage
 z - 8 potions of curing
 F - 3 potions of haste
 L - 3 potions of brilliance
 N - 4 potions of resistance
 O - 2 potions of lignification
 W - a potion of might {unknown}
Comestibles
 d - 9 rations
 Y - 8 chunks of flesh


   Skills:
 + Level 7.1(12.1) Fighting
 + Level 5.4(10.4) Short Blades
 + Level 5.4(10.4) Long Blades
 + Level 5.4(10.4) Axes
 + Level 5.4(10.4) Maces & Flails
 + Level 7.1(12.1) Polearms
 + Level 5.4(10.4) Staves
 + Level 5.4(10.4) Slings
 + Level 5.4(10.4) Bows
 + Level 5.4(10.4) Crossbows
 + Level 5.4(10.4) Throwing
 + Level 6.0(11.0) Armour
 + Level 7.1(12.1) Dodging
 + Level 5.4(10.4) Stealth
 + Level 5.4(10.4) Shields
 + Level 5.4(10.4) Unarmed Combat
 + Level 7.4 Spellcasting
 + Level 4.4 Conjurations
 + Level 4.4 Hexes
 + Level 7.1 Charms
 + Level 4.4 Summonings
 + Level 4.4 Necromancy
 + Level 4.4 Translocations
 + Level 4.4 Transmutations
 + Level 4.4 Fire Magic
 + Level 4.4 Ice Magic
 + Level 4.4 Air Magic
 + Level 4.4 Earth Magic
 + Level 4.4 Poison Magic
 + Level 5.9 Invocations
 + Level 5.4 Evocations


You had 12 spell levels left.
You knew the following spells:

 Your Spells              Type           Power        Failure   Level  Hunger
a - Infusion              Chrm           ####         2%          1    None
b - Song of Slaying       Chrm           ####....     3%          2    None
c - Shroud of Golubria    Chrm/Tloc      ###.......   6%          2    None
d - Regeneration          Chrm/Necr      ###.......   12%         3    ##.....
e - Spectral Weapon       Hex/Chrm       ###.....     12%         3    ##.....


Dungeon Overview and Level Annotations

Branches:
Dungeon (10/15)            Temple (1/1) D:5
   Lair: D:8-11         Orc: D:9-12

Altars:
Dithmenos
Elyvilon
Fedhas
Gozag
Kikubaaqudgha
Makhleb
Nemelex Xobeh
Okawaru
Qazlal
Ru
Sif Muna
Uskayaw
Wu Jian
Xom
The Shining One

Shops:
D:5 !

Annotations:
D:2 Sigmund
D:10 Urug


Innate Abilities, Weirdness & Mutations

Your experience applies equally to all skills.
You have very sharp teeth.
Your uncanny sense of smell can sniff out nearby items.


Message History

Urug hits you with a great sword of holy wrath!
You hit Urug.
Urug is almost dead.
Urug hits you with a great sword of holy wrath!
* * * LOW HITPOINT WARNING * * *
You hit Urug.
Urug is poisoned.
You bite Urug, but do no damage.
Urug is almost dead.
Urug barely misses you.
You closely miss Urug.
Urug is almost dead.
Urug hits your spectral weapon with a great sword of holy wrath!!
Your spectral weapon shares its damage with you!
Your spectral weapon fades away.
* * * LOW HITPOINT WARNING * * *
Urug throws a javelin.
The javelin closely misses you.
Y - 7 chunks of flesh (gained 1);
Y - 8 chunks of flesh (gained 1)
Items here: ))) [[ ÷ † Urug hits you but does no damage.
Urug throws a javelin.
The javelin hits you!
You die...

#≈≈.........
#≈...$..# #≈.....≈#
#≈....≈♣###.#
##≈.....≈....#
##≈≈......##########
≈≈≈≈........o..(....#
...........o###...##
.......≈≈...)@.....#
......(≈....###...##
.........#..# ##.##
≈......##..# .#
♣≈....# #..# .. ##...
...# #.# #.# ..... .#
#. ###.# .# ..


You could see Urug.

Vanquished Creatures
  The ghost of toffzen the Basher, a journeyman GnBe of Trog (D:9)
  A two-headed ogre (D:9)
  2 trolls
  A hippogriff (D:9)
  Grum (D:8)
  A hungry ghost (D:9)
  Duvessa (D:7)
  4 orc warriors
  A black bear (D:10)
  2 ice beasts
  A sky beast (D:5)
  2 phantoms
  4 ogres
  2 centaurs
  4 wolves (D:8)
  2 bullfrogs
  Dowan (D:7)
  A wyvern skeleton (D:8)
  2 scorpions
  An electric eel (D:7)
  2 jellies
  A bullfrog zombie (D:6)
  A centaur zombie (D:5)
  4 hounds
  Crazy Yiuf (D:4)
  7 orc priests
  A bullfrog skeleton (D:3)
  An iguana (D:9)
  An orc wizard (D:8)
  5 worker ants
  A big kobold zombie (Ossuary)
  A hound zombie (D:5)
  A worker ant zombie (D:7)
  8 mummies (Ossuary)
  A howler monkey skeleton (D:5)
  8 adders
  2 shadow imps
  An ooze (D:2)
  An adder zombie (D:8)
  4 adder skeletons
  2 worms
  2 dart slugs
  7 leopard geckos
  21 orcs
  5 giant cockroaches
  2 gnoll zombies (Ossuary)
  7 goblins
  3 hobgoblins (D:1)
  6 jackals
  4 kobolds
  5 quokkas
  A ball python (D:3)
  4 bats
  4 frilled lizards
  A goblin zombie (D:6)
  2 hobgoblin zombies (Ossuary)
  A leopard gecko zombie (D:6)
  3 orc zombies (Ossuary)
  A quokka skeleton (D:4)
  3 rats
  2 rat zombies (D:6)
  A fungus (D:4)
174 creatures vanquished.

Vanquished Creatures (others)
  A spectral weapon (D:10)
1 creature vanquished.

Grand Total: 175 creatures vanquished

Notes
Turn   | Place    | Note
-------+----------+-------------------------------------------
     0 | D:1      | ohad the Gnoll Skald began the quest for the Orb.
     0 | D:1      | Reached XP level 1. HP: 20/20 MP: 6/6
    11 | D:1      | Upgraded the game from 0.22-a0-252-gcace5d2 to 0.22-a0-265-g0d8bc90
   203 | D:1      | Reached XP level 2. HP: 22/26 MP: 7/7
   207 | D:1      | Learned a level 2 spell: Song of Slaying
   964 | D:2      | Reached XP level 3. HP: 31/31 MP: 9/9
   983 | D:2      | Found an opulent altar of Gozag.
  1197 | D:2      | Reached skill level 5 in Spellcasting
  1412 | D:2      | Learned a level 2 spell: Shroud of Golubria
  1416 | D:2      | Learned a level 3 spell: Regeneration
  1420 | D:2      | Learned a level 3 spell: Spectral Weapon
  1468 | D:2      | Reached skill level 1 in Invocations
  1984 | D:2      | Noticed Sigmund
  2335 | D:3      | Reached skill level 1 in Short Blades
  2335 | D:3      | Reached skill level 1 in Long Blades
  2335 | D:3      | Reached skill level 1 in Axes
  2335 | D:3      | Reached skill level 1 in Maces & Flails
  2335 | D:3      | Reached skill level 1 in Staves
  2335 | D:3      | Reached skill level 1 in Slings
  2335 | D:3      | Reached skill level 1 in Bows
  2335 | D:3      | Reached skill level 1 in Crossbows
  2335 | D:3      | Reached skill level 1 in Throwing
  2335 | D:3      | Reached skill level 1 in Stealth
  2335 | D:3      | Reached skill level 1 in Shields
  2335 | D:3      | Reached skill level 1 in Unarmed Combat
  2335 | D:3      | Reached skill level 1 in Evocations
  2335 | D:3      | Reached XP level 4. HP: 32/38 MP: 2/11
  2999 | D:4      | Reached skill level 1 in Conjurations
  2999 | D:4      | Reached skill level 1 in Hexes
  2999 | D:4      | Reached skill level 1 in Summonings
  2999 | D:4      | Reached skill level 1 in Necromancy
  2999 | D:4      | Reached skill level 1 in Translocations
  2999 | D:4      | Reached skill level 1 in Transmutations
  2999 | D:4      | Reached skill level 1 in Fire Magic
  2999 | D:4      | Reached skill level 1 in Ice Magic
  2999 | D:4      | Reached skill level 1 in Air Magic
  2999 | D:4      | Reached skill level 1 in Earth Magic
  2999 | D:4      | Reached skill level 1 in Poison Magic
  3055 | D:4      | Reached XP level 5. HP: 38/43 MP: 6/12
  3305 | D:4      | Found a runed door.
  3305 | D:4      | Noticed Crazy Yiuf
  3314 | D:4      | Killed Crazy Yiuf
  4264 | D:5      | Entered Level 5 of the Dungeon
  4282 | D:5      | Found a staircase to the Ecumenical Temple.
  4304 | Temple   | Entered the Ecumenical Temple
  4311 | Temple   | Became a worshipper of Warmaster Okawaru
  4329 | D:5      | Noticed an ice beast
  4345 | D:5      | Killed an ice beast
  4345 | D:5      | Reached XP level 6. HP: 34/50 MP: 7/13
  4346 | D:5      | Found Vogaohot's Distillery.
  4359 | D:5      | Reached skill level 5 in Fighting
  4359 | D:5      | Reached skill level 5 in Polearms
  4359 | D:5      | Reached skill level 5 in Dodging
  4553 | D:5      | Bought 2 potions of curing for 66 gold pieces
  4553 | D:5      | Bought a potion of haste for 110 gold pieces
  4565 | D:5      | Noticed a sky beast
  4581 | D:5      | Killed a sky beast
  4581 | D:5      | Reached * piety under Okawaru
  4581 | D:5      | Reached XP level 7. HP: 40/56 MP: 15/15
  5231 | D:6      | Found a sand-covered staircase.
  5238 | Ossuary  | Entered an ossuary
  5626 | D:6      | Reached XP level 8. HP: 19/63 MP: 16/16
  6212 | D:7      | Found an ornate altar of the Wu Jian Council.
  6372 | D:7      | Noticed Duvessa
  6372 | D:7      | Noticed Dowan
  6386 | D:7      | Killed Duvessa
  6394 | D:7      | Killed Dowan
  6394 | D:7      | Reached ** piety under Okawaru
  7195 | D:6      | Found a sacrificial altar of Ru.
  7616 | D:8      | Reached XP level 9. HP: 49/69 MP: 18/18
  7716 | D:8      | Noticed Grum
  7718 | D:8      | Noticed a two-headed ogre
  8231 | D:8      | Reached skill level 5 in Armour
  8285 | D:8      | Reached *** piety under Okawaru
  8297 | D:8      | Killed Grum
  8913 | D:9      | Reached skill level 5 in Invocations
  8939 | D:9      | Noticed toffzen's ghost (journeyman GnBe)
  8965 | D:9      | Killed toffzen's ghost
  8965 | D:9      | Reached **** piety under Okawaru
  8965 | D:9      | Reached XP level 10. HP: 50/77 MP: 11/20
  9210 | D:9      | Reached skill level 5 in Short Blades
  9210 | D:9      | Reached skill level 5 in Long Blades
  9210 | D:9      | Reached skill level 5 in Axes
  9210 | D:9      | Reached skill level 5 in Maces & Flails
  9210 | D:9      | Reached skill level 5 in Staves
  9210 | D:9      | Reached skill level 5 in Slings
  9210 | D:9      | Reached skill level 5 in Bows
  9210 | D:9      | Reached skill level 5 in Crossbows
  9210 | D:9      | Reached skill level 5 in Throwing
  9210 | D:9      | Reached skill level 5 in Stealth
  9210 | D:9      | Reached skill level 5 in Shields
  9210 | D:9      | Reached skill level 5 in Unarmed Combat
  9210 | D:9      | Reached skill level 5 in Evocations
  9536 | D:9      | Noticed a two-headed ogre
  9553 | D:9      | Killed a two-headed ogre
 10192 | D:10     | Entered Level 10 of the Dungeon
 10203 | D:10     | Noticed Urug
 10335 | D:10     | Reached ***** piety under Okawaru
 10362 | D:10     | Hit by a javelin thrown by Urug

Vault maps used:
D:1:      lightli_arrival_lavapool, hangedman_decor_opposing
D:2:      grunt_gozag_breadcrumbs, uniq_sigmund
D:3:      first_ration
D:4:      uniq_crazy_yiuf_cottage
D:5:      minmay_temple_entry_trees, serial_shops, shop
D:6:      enter_ossuary_4, hangedman_ru_absence
D:7:      overflow_temple_1_default, minivault_4, serial_park_tiny_1,
          uniq_duvessa
D:8:      uniq_grum
D:10:     serial_shops, kennysheep_mini_moat, grunt_ogre_cave,
          minmay_misc_feat_rugged, kennysheep_decorative_pillar, uniq_urug
Temple:   dpeg_three_leaves_temple
Ossuary:  ossuary_tomb_3

Skill      XL: |  1  2  3  4  5  6  7  8  9 10 |
---------------+-------------------------------+-----
Spellcasting   | 5 6 7 |  7.4
Invocations    | 1 2 3 4 5 |  5.9
Short Blades   | 1 2 3 4 5 |  5.4
Long Blades    | 1 2 3 4 5 |  5.4
Axes           | 1 2 3 4 5 |  5.4
Maces & Flails | 1 2 3 4 5 |  5.4
Staves         | 1 2 3 4 5 |  5.4
Slings         | 1 2 3 4 5 |  5.4
Bows           | 1 2 3 4 5 |  5.4
Crossbows      | 1 2 3 4 5 |  5.4
Throwing       | 1 2 3 4 5 |  5.4
Stealth        | 1 2 3 4 5 |  5.4
Shields        | 1 2 3 4 5 |  5.4
Unarmed Combat | 1 2 3 4 5 |  5.4
Evocations     | 1 2 3 4 5 |  5.4
Conjurations   | 1 2 3 4 |  4.4
Hexes          | 1 2 3 4 |  4.4
Summonings     | 1 2 3 4 |  4.4
Necromancy     | 1 2 3 4 |  4.4
Translocations | 1 2 3 4 |  4.4
Transmutations | 1 2 3 4 |  4.4
Fire Magic     | 1 2 3 4 |  4.4
Ice Magic      | 1 2 3 4 |  4.4
Air Magic      | 1 2 3 4 |  4.4
Earth Magic    | 1 2 3 4 |  4.4
Poison Magic   | 1 2 3 4 |  4.4
Armour         | 3 4 5 6 |  6.0
Fighting       | 5 6 7 |  7.1
Polearms       | 5 6 7 |  7.1
Dodging        | 5 6 7 |  7.1
Charms         | 6 7 |  7.1

Action                   |  1- 3 |  4- 6 |  7- 9 | 10-12 || total
-------------------------+-------+-------+-------+-------++-------
Melee: Spear             |   119 |    53 |       |       ||   172
       Bite              |     6 |    10 |    23 |    14 ||    53
       Quarterstaff      |       |    52 |   243 |    70 ||   365
       Punch             |       |     1 |       |       ||     1
 Cast: Shroud of Golubri |     2 |     3 |     4 |     3 ||    12
       Spectral Weapon   |     1 |     1 |     6 |     2 ||    10
       Infusion          |       |     4 |    13 |     3 ||    20
       Regeneration      |       |     1 |       |       ||     1
Invok: Heroism           |       |       |     4 |     3 ||     7
  Use: Scroll            |       |     8 |    12 |       ||    20
 Stab: Sleeping          |     3 |     3 |     5 |       ||    11
       Distracted        |     1 |     2 |     2 |     1 ||     6
       Petrified         |       |       |       |     4 ||     4
       Paralysed         |       |       |       |     3 ||     3
       Petrifying        |       |       |       |     1 ||     1
  Eat: Chunk             |     4 |     5 |     9 |     1 ||    19
       Ration            |       |     1 |     2 |     1 ||     4
Armor: Leather armour    |    29 |    29 |    37 |       ||    95
       Fire dragon scale |       |       |    30 |    35 ||    65
Dodge: Dodged            |    82 |    53 |   188 |    67 ||   390

Table legend:
 A = Spawn XP
 B = Non-spawn XP
 C = Spawn XP percentage of total XP
 D = Spawn monster count
 E = Non-spawn monster count
 F = Spawn count percentage of total count
 G = Total turns spent on level
                    A         B        C        D         E        F      G
               +---------+---------+-------+---------+---------+-------+---------
         Total |       0 |    7728 |   0.0 |       0 |     173 |   0.0 | 10362
               +---------+---------+-------+---------+---------+-------+---------
           D:1 |       0 |      26 |   0.0 |       0 |      14 |   0.0 |  1022
           D:2 |       0 |      42 |   0.0 |       0 |      16 |   0.0 |  1424
           D:3 |       0 |      63 |   0.0 |       0 |      13 |   0.0 |   995
           D:4 |       0 |     114 |   0.0 |       0 |       9 |   0.0 |   823
           D:5 |       0 |     613 |   0.0 |       0 |      20 |   0.0 |   859
           D:6 |       0 |     510 |   0.0 |       0 |      25 |   0.0 |  1041
           D:7 |       0 |     798 |   0.0 |       0 |      14 |   0.0 |  1140
           D:8 |       0 |    1792 |   0.0 |       0 |      26 |   0.0 |  1220
           D:9 |       0 |    3037 |   0.0 |       0 |      13 |   0.0 |  1457
          D:10 |       0 |     555 |   0.0 |       0 |       7 |   0.0 |    80
       Ossuary |       0 |     178 |   0.0 |       0 |      16 |   0.0 |   286
               +---------+---------+-------+---------+---------+-------+---------
